AAA EAST
COLUMBUS CLIPPERS @ JACKSONVILLE JUMBO SHRIMP
08/06/2041
 
TOP OF THE 1ST
Columbus Clippers batting - Pitching for Jacksonville Jumbo Shrimp : RHP Ed Bryan
Pitching: RHP Ed Bryan
Batting: RHB Ken Ladd 0-0: Called Strike
0-1: Ball
1-1: Ball
2-1: Ground out 6-3 (Groundball, 6MS, EV 94.4 MPH)
Batting: LHB Mike Hatfield 0-0: Called Strike
0-1: Ball
1-1: Fly out, F8 (Flyball, 89XD, EV 88.1 MPH)
Batting: LHB José Fontanez 0-0: Called Strike
0-1: Called Strike
0-2: Ground out 6-3 (Groundball, 6M, EV 95.0 MPH)
Top of the 1st over - 0 runs, 0 hits, 0 errors, 0 left on base; Columbus 0 - Jacksonville 0
BOTTOM OF THE 1ST
Jacksonville Jumbo Shrimp batting - Pitching for Columbus Clippers : RHP Tony Franklin
Pitching: RHP Tony Franklin
Batting: RHB Danny Crowley 0-0: Ball
1-0: Called Strike
1-1: Ground out 6-3 (Groundball, 56, EV 102.5 MPH)
Batting: LHB Danny King 0-0: Called Strike
0-1: Foul Ball, location: 2F
0-2: Ground out 3-1 (Groundball, 34, EV 86.3 MPH)
Batting: RHB Jorge Pérez 0-0: Ball
1-0: Called Strike
1-1: Foul Ball, location: 2F
1-2: Strikes out looking
Bottom of the 1st over - 0 runs, 0 hits, 0 errors, 0 left on base; Columbus 0 - Jacksonville 0
TOP OF THE 2ND
Columbus Clippers batting - Pitching for Jacksonville Jumbo Shrimp : RHP Ed Bryan
Batting: LHB Jerry Wilson 0-0: Called Strike
0-1: Swinging Strike
0-2: Strikes out swinging
Batting: RHB Tony Ávila 0-0: Ball
1-0: SINGLE (Groundball, 56, EV 102.5 MPH)
Batting: RHB Rodrigo Ojeda 0-0: SINGLE (Groundball, 34, EV 108.1 MPH) (infield hit)
Tony Ávila to second
Batting: RHB Ezequiel Alfaro 0-0: Called Strike
0-1: Ball
1-1: Ball
2-1: Swinging Strike
2-2: Foul Ball, location: 2F
2-2: Grounds into double play, 6-4-3 (Groundball, 6, EV 101.9 MPH)
Top of the 2nd over - 0 runs, 2 hits, 0 errors, 1 left on base; Columbus 0 - Jacksonville 0
BOTTOM OF THE 2ND
Jacksonville Jumbo Shrimp batting - Pitching for Columbus Clippers : RHP Tony Franklin
Batting: LHB Juan Novoa 0-0: Ball
1-0: Swinging Strike
1-1: Foul Ball, location: 23F
1-2: SINGLE (Line Drive, 56, EV 101.9 MPH)
Batting: RHB Kel Mearns 0-0: Ball
1-0: SINGLE (Line Drive, 6MD, EV 101.3 MPH)
Juan Novoa to second
Batting: LHB Roger Lenoir 0-0: Grounds into double play, 4-6-3 (Groundball, 4, EV 85.0 MPH)
Juan Novoa to third
Batting: RHB Cristóbal Martínez 0-0: Foul Ball, location: 7LSFF
0-1: Ball
1-1: Swinging Strike
1-2: Strikes out looking
Bottom of the 2nd over - 0 runs, 2 hits, 0 errors, 1 left on base; Columbus 0 - Jacksonville 0
TOP OF THE 3RD
Columbus Clippers batting - Pitching for Jacksonville Jumbo Shrimp : RHP Ed Bryan
Batting: RHB Leith Corkum 0-0: Called Strike
0-1: Ball
1-1: Ball
2-1: Ball
3-1: Base on Balls
Batting: RHB Tony Castro 0-0: Called Strike
Leith Corkum steals 2nd base
0-1: Ball
1-1: Sac Bunt to 2L - play at first, batter OUT! 2-4
Leith Corkum to third
Batting: RHB Ken Ladd 0-0: Called Strike
0-1: TRIPLE (Flyball, 89XD, EV 106.3 MPH)
Leith Corkum scores
Batting: LHB Mike Hatfield 0-0: Called Strike
0-1: Ball
1-1: Called Strike
1-2: Ball
2-2: SINGLE (Line Drive, 7S, EV 88.1 MPH)
Ken Ladd scores
Batting: LHB José Fontanez 0-0: Ball
1-0: Called Strike
1-1: Ball
2-1: SINGLE (Groundball, 34D, EV 106.3 MPH)
Mike Hatfield to second
Batting: LHB Jerry Wilson 0-0: Swinging Strike
0-1: Ball
1-1: Fly out, F5 (Popup, 56S, EV 80.6 MPH)
Batting: RHB Tony Ávila 0-0: Ball
1-0: Ball
2-0: Foul Ball, location: 5FF
2-1: Ball
3-1: Foul Ball, location: 2F
3-2: Base on Balls
Mike Hatfield to third
José Fontanez to second
Batting: RHB Rodrigo Ojeda 0-0: Called Strike
0-1: Ball
1-1: Swinging Strike
1-2: Ball
2-2: Ground out 4-3 (Groundball, 4, EV 81.3 MPH)
Top of the 3rd over - 2 runs, 3 hits, 0 errors, 3 left on base; Columbus 2 - Jacksonville 0
BOTTOM OF THE 3RD
Jacksonville Jumbo Shrimp batting - Pitching for Columbus Clippers : RHP Tony Franklin
Batting: RHB Sam Ellis 0-0: Ball
1-0: Called Strike
1-1: Foul Ball, location: 9LMF
1-2: Ball
2-2: Strikes out swinging
Batting: RHB Jim Unknown 0-0: Ball
1-0: Called Strike
1-1: Swinging Strike
1-2: Strikes out swinging
Batting: RHB Danny Crowley 0-0: Ball
1-0: Ball
2-0: Called Strike
2-1: DOUBLE (Line Drive, 7LD, EV 101.9 MPH)
Batting: LHB Danny King 0-0: Ball
1-0: SINGLE (Line Drive, 5D, EV 101.3 MPH)
Danny Crowley to third
Runner from 3rd tries for Home, SAFE, throw by LF to home
Batting: RHB Jorge Pérez 0-0: Called Strike
0-1: Called Strike
0-2: Strikes out swinging
Bottom of the 3rd over - 1 run, 2 hits, 0 errors, 1 left on base; Columbus 2 - Jacksonville 1
TOP OF THE 4TH
Columbus Clippers batting - Pitching for Jacksonville Jumbo Shrimp : RHP Ed Bryan
Batting: RHB Ezequiel Alfaro 0-0: Called Strike
0-1: Ball
1-1: Ball
2-1: Ball
3-1: Called Strike
3-2: Strikes out swinging
Batting: RHB Leith Corkum 0-0: Fly out, F6 (Line Drive, 6, EV 71.9 MPH)
Batting: RHB Tony Castro 0-0: Ball
1-0: SINGLE (Groundball, 6MS, EV 72.5 MPH) (infield hit)
Batting: RHB Ken Ladd 0-0: Ball
1-0: Called Strike
1-1: SINGLE (Line Drive, 9LS, EV 102.5 MPH)
Tony Castro to second
Batting: LHB Mike Hatfield 0-0: Ball
1-0: Called Strike
1-1: Fielders Choice at 2nd, 5-4 (Groundball, 56, EV 76.9 MPH)
Top of the 4th over - 0 runs, 2 hits, 0 errors, 2 left on base; Columbus 2 - Jacksonville 1
BOTTOM OF THE 4TH
Jacksonville Jumbo Shrimp batting - Pitching for Columbus Clippers : RHP Tony Franklin
Batting: LHB Juan Novoa 0-0: Ball
1-0: Called Strike
1-1: Foul Ball, location: 2F
1-2: Ball
2-2: SOLO HOME RUN (Flyball, 9D, EV 98.8 MPH), Distance : 385 ft
Batting: RHB Kel Mearns 0-0: Ball
1-0: Fly out, F9 (Flyball, 9D, EV 93.1 MPH)
Batting: LHB Roger Lenoir 0-0: Ground out 6-3 (Groundball, 6M, EV 107.5 MPH)
Batting: RHB Cristóbal Martínez 0-0: Called Strike
0-1: Ground out 3-1 (Groundball, 34, EV 81.3 MPH)
Bottom of the 4th over - 1 run, 1 hit, 0 errors, 0 left on base; Columbus 2 - Jacksonville 2
TOP OF THE 5TH
Columbus Clippers batting - Pitching for Jacksonville Jumbo Shrimp : RHP Ed Bryan
Batting: LHB José Fontanez 0-0: Ball
1-0: Foul Ball, location: 7LSF
1-1: Called Strike
1-2: Ball
2-2: Ball
3-2: Base on Balls
Batting: LHB Jerry Wilson 0-0: Ball
1-0: Ball
2-0: Swinging Strike
2-1: Ball
3-1: Fly out, F9 (Flyball, 9LS, EV 88.1 MPH)
Batting: RHB Tony Ávila 0-0: Ball
1-0: Ball
2-0: Foul Ball, location: 5SF
2-1: Ball
3-1: Base on Balls
José Fontanez to second
Pitching: RHP Johnny Hampton
Batting: RHB Rodrigo Ojeda 0-0: Ball
1-0: Reached via error on a dropped throw from 2B, E6 (Groundball, 4S, EV 84.4 MPH)
José Fontanez to third
Tony Ávila to second
Batting: RHB Ezequiel Alfaro 0-0: Swinging Strike
0-1: Ball
Wild Pitch!
José Fontanez scores
Tony Ávila to third
Rodrigo Ojeda to second
1-1: Ball
2-1: Swinging Strike
2-2: Strikes out swinging
Batting: RHB Leith Corkum 0-0: Ball
1-0: Fly out, F9 (Flyball, 89S, EV 73.1 MPH)
Top of the 5th over - 1 run, 0 hits, 1 error, 2 left on base; Columbus 3 - Jacksonville 2
BOTTOM OF THE 5TH
Jacksonville Jumbo Shrimp batting - Pitching for Columbus Clippers : RHP Tony Franklin
Batting: RHB Sam Ellis 0-0: Fly out, F5 (Line Drive, 5, EV 65.6 MPH)
Batting: RHB Jim Unknown 0-0: Ball
1-0: Foul Ball, location: 2F
1-1: Ground out 5-3 (Groundball, 56S, EV 87.5 MPH)
Batting: RHB Danny Crowley 0-0: Called Strike
0-1: Ball
1-1: DOUBLE (Line Drive, 7LM, EV 97.5 MPH)
Batting: LHB Danny King 0-0: Ball
1-0: Foul Ball, location: 23FF
1-1: Foul Ball, location: 7LDF
1-2: Ground out U3 (Groundball, 3, EV 104.4 MPH)
Bottom of the 5th over - 0 runs, 1 hit, 0 errors, 1 left on base; Columbus 3 - Jacksonville 2
TOP OF THE 6TH
Columbus Clippers batting - Pitching for Jacksonville Jumbo Shrimp : RHP Johnny Hampton
Batting: RHB Tony Castro 0-0: Called Strike
0-1: Ball
1-1: Foul Ball, location: 25F
1-2: Ball
2-2: Ball
3-2: Strikes out swinging, 2-3 out at first.
Batting: RHB Ken Ladd 0-0: Swinging Strike
0-1: Ground out 3-1 (Groundball, 34, EV 101.9 MPH)
Batting: LHB Mike Hatfield 0-0: Ball
1-0: Foul Ball, location: 2F
1-1: Fly out, F7 (Flyball, 7, EV 85.6 MPH)
Top of the 6th over - 0 runs, 0 hits, 0 errors, 0 left on base; Columbus 3 - Jacksonville 2
BOTTOM OF THE 6TH
Jacksonville Jumbo Shrimp batting - Pitching for Columbus Clippers : RHP Tony Franklin
Batting: RHB Jorge Pérez 0-0: Fly out, F7 (Line Drive, 7S, EV 88.8 MPH)
Batting: LHB Juan Novoa 0-0: Swinging Strike
0-1: Swinging Strike
0-2: Foul Ball, location: 7LSF
0-2: Ball
1-2: TRIPLE (Line Drive, 9LD, EV 101.9 MPH)
Batting: RHB Kel Mearns 0-0: Ball
1-0: Ball
2-0: Ground out 1-3 (Groundball, P, EV 76.9 MPH)
Batting: LHB Roger Lenoir 0-0: Ball
1-0: Foul Ball, location: 3FF
1-1: SINGLE (Line Drive, 6MD, EV 98.8 MPH)
Juan Novoa scores
Batting: RHB Cristóbal Martínez 0-0: Ball
1-0: Ball
2-0: Foul Ball, location: 25F
2-1: Foul Ball, location: 23F
2-2: Strikes out looking
Bottom of the 6th over - 1 run, 2 hits, 0 errors, 1 left on base; Columbus 3 - Jacksonville 3
TOP OF THE 7TH
Columbus Clippers batting - Pitching for Jacksonville Jumbo Shrimp : RHP Johnny Hampton
Batting: LHB José Fontanez 0-0: Foul Ball, location: 3F
0-1: Ball
1-1: Ball
2-1: Foul Ball, location: 3F
2-2: Fly out, F7 (Flyball, 7, EV 97.5 MPH)
Batting: LHB Jerry Wilson 0-0: Ball
1-0: Foul Ball, location: 23F
1-1: Ball
2-1: Swinging Strike
2-2: Strikes out swinging
Batting: RHB Tony Ávila 0-0: Ball
1-0: Swinging Strike
1-1: Foul Ball, location: 2RF
1-2: Ball
2-2: Ball
3-2: Foul Ball, location: 2F
3-2: Foul Ball, location: 23FF
3-2: Foul Ball, location: 5SF
3-2: Ground out 6-3 (Groundball, 6, EV 87.5 MPH)
Top of the 7th over - 0 runs, 0 hits, 0 errors, 0 left on base; Columbus 3 - Jacksonville 3
BOTTOM OF THE 7TH
Jacksonville Jumbo Shrimp batting - Pitching for Columbus Clippers : RHP Tony Franklin
Batting: RHB Sam Ellis 0-0: Ball
1-0: Called Strike
1-1: Ball
2-1: Ball
3-1: Fly out, F8 (Flyball, 8LXD, EV 110.0 MPH)
Batting: RHB Jim Unknown 0-0: Ball
1-0: Foul Ball, location: 9LDF
1-1: Foul Ball, location: 3DF
1-2: Strikes out swinging
Batting: RHB Danny Crowley 0-0: Ball
1-0: Foul Ball, location: 5FF
1-1: Ball
2-1: Ball
3-1: Foul Ball, location: 9LSF
3-2: Ground out U3 (Groundball, 34S, EV 85.6 MPH)
Bottom of the 7th over - 0 runs, 0 hits, 0 errors, 0 left on base; Columbus 3 - Jacksonville 3
TOP OF THE 8TH
Columbus Clippers batting - Pitching for Jacksonville Jumbo Shrimp : RHP Johnny Hampton
Pinch Hitting: LHB Greg Curry 0-0: Ball
1-0: Foul Ball, location: 25FF
1-1: Foul Ball, location: 2F
1-2: Ball
2-2: Foul Ball, location: 9LSFF
2-2: Ground out 4-3 (Groundball, 4, EV 108.1 MPH)
Pinch Hitting: LHB Wally Sims 0-0: Ball
1-0: Ball
2-0: Foul Ball, location: 2F
2-1: Ball
3-1: Foul Ball, location: 7LSF
3-2: Ground out 6-3 (Groundball, 4MS, EV 82.5 MPH)
Batting: RHB Leith Corkum 0-0: Ball
1-0: Foul Ball, location: 5F
1-1: Ball
2-1: Fly out, F9 (Line Drive, 9, EV 90.6 MPH)
Top of the 8th over - 0 runs, 0 hits, 0 errors, 0 left on base; Columbus 3 - Jacksonville 3
BOTTOM OF THE 8TH
Jacksonville Jumbo Shrimp batting - Pitching for Columbus Clippers : RHP Tony Franklin
Now at C: Wally Sims
Now at 3B: José Espinoza
Batting: LHB Danny King 0-0: SINGLE (Line Drive, 4D, EV 100.0 MPH)
Batting: RHB Jorge Pérez 0-0: Called Strike
0-1: Fly out, F3 (Popup, 34S, EV 70.0 MPH)
Batting: LHB Juan Novoa 0-0: Ball
Danny King is caught stealing 2nd base 2-6
1-0: Called Strike
1-1: Swinging Strike
1-2: Foul Ball, location: 3FF
1-2: Foul Ball, location: 3FF
1-2: Ball
2-2: Fly out, F6 (Popup, 6MS, EV 66.3 MPH)
Bottom of the 8th over - 0 runs, 1 hit, 0 errors, 0 left on base; Columbus 3 - Jacksonville 3
TOP OF THE 9TH
Columbus Clippers batting - Pitching for Jacksonville Jumbo Shrimp : RHP Johnny Hampton
Batting: RHB Tony Castro 0-0: Called Strike
0-1: Ball
1-1: Called Strike
1-2: Foul Ball, location: 2F
1-2: Foul Ball, location: 3F
1-2: Foul Ball, location: 5F
1-2: DOUBLE (Line Drive, 7LM, EV 102.5 MPH)
Pitching: RHP Dan Morrow
Batting: RHB Ken Ladd 0-0: Sac Bunt by 15S - play at third, runner safe!
Batting: LHB Mike Hatfield 0-0: Ball
Ken Ladd steals 2nd base (no throw)
1-0: Swinging Strike
1-1: Called Strike
1-2: DOUBLE (Flyball, 9D, EV 111.9 MPH)
Tony Castro scores
Ken Ladd scores
Batting: LHB José Fontanez 0-0: Called Strike
0-1: Ball
1-1: Foul Ball, location: 2F
1-2: Strikes out swinging
Batting: LHB Jerry Wilson 0-0: Intentional Walk
Batting: RHB Tony Ávila 0-0: Called Strike
0-1: Fielders Choice at 2nd, 3-6 (Groundball, 3, EV 78.1 MPH)
Mike Hatfield to third
Batting: RHB José Espinoza 0-0: Foul Ball, location: 23F
0-1: Ball
1-1: Fly out, F9 (Flyball, 9, EV 97.5 MPH)
Top of the 9th over - 2 runs, 2 hits, 0 errors, 2 left on base; Columbus 5 - Jacksonville 3
BOTTOM OF THE 9TH
Jacksonville Jumbo Shrimp batting - Pitching for Columbus Clippers : RHP Tony Franklin
Pitching: LHP Steve Hilliard
Now in LF: Oliver Pérez
Now in RF: Arturo Molina
Batting: RHB Kel Mearns 0-0: Ball
1-0: Ball
2-0: Called Strike
2-1: Ball
3-1: Base on Balls
Pinch Hitting: RHB Juan Pérez 0-0: Called Strike
0-1: Foul Ball, location: 5F
0-2: Ball
1-2: Ball
2-2: DOUBLE (Flyball, 8RXD, EV 96.3 MPH)
Kel Mearns to third
Batting: RHB Cristóbal Martínez 0-0: Ball
1-0: Fly out, F8 (Flyball, 89M, EV 98.1 MPH)
Batting: RHB Sam Ellis 0-0: Ball
1-0: Ball
2-0: Ball
3-0: Called Strike
3-1: Foul Ball, location: 2F
3-2: Fly out, F7 (Flyball, 7D, EV 105.0 MPH)
Runner from 3rd tags up, SCORES, no throw by LF
Pinch Hitting: LHB Jerry López 0-0: Called Strike
0-1: Ball
1-1: Called Strike
1-2: Ball
2-2: Foul Ball, location: 9LSFF
2-2: Ball
3-2: Base on Balls
Batting: RHB Danny Crowley 0-0: Ball
1-0: Ground out 4-3 (Groundball, 34, EV 80.0 MPH)
Bottom of the 9th over - 1 run, 1 hit, 0 errors, 2 left on base; Columbus 5 - Jacksonville 4
Monday, April 1st , 2024 - OOTP Baseball 24.10 Build 82